 Dungeon Crawl Stone Soup version 0.30.1-4-g462c640d31 (webtiles) character file.

Game seed: 9690407215481637085

378 safid the Chiller (level 6, -10/48 HPs)
             Began as a Merfolk Ice Elementalist on Aug 21, 2023.
             Killed by divine providence
             ... invoked by an orc priest
              (14 damage)
             ... on level 4 of the Dungeon.
             The game lasted 00:06:19 (3718 turns).

safid the Chiller (Merfolk Ice Elementalist)        Turns: 3718, Time: 00:06:20

Health: -10/48     AC:  3    Str:  8    XL:     6   Next: 74%
Magic:  2/11       EV: 12    Int: 17    God:
Gold:   233        SH:  0    Dex: 14    Spells: 5/12 levels left

rFire   . . .        u - +2 dagger (drain)
rCold   . . .        (no shield)
rNeg    . . .        a - +0 robe
rPois   .            (no helmet)
rElec   .            (no cloak)
rCorr   .            (no gloves)
SInv    .            s - +0 pair of boots
Will    .....        (no amulet)
Stlth   ++           (no ring)
HPRegen 0.28/turn    (no ring)
MPRegen 0.12/turn

%: no passive effects
@: weakened
A: (nimble swimmer 2), mertail
a: no special abilities


You were on level 4 of the Dungeon.
You visited 1 branch of the dungeon, and saw 4 of its levels.

You collected 233 gold pieces.

Inventory:

Hand Weapons
 u - a +2 dagger of draining (weapon)
Armour
 a - a +0 robe (worn)
 s - a +0 pair of boots (worn)
Scrolls
 c - 2 scrolls of magic mapping {unknown}
 d - 3 scrolls of amnesia {unknown}
 g - a scroll of noise {unknown}
 h - 3 scrolls of blinking {unknown}
 i - a scroll of teleportation {unknown}
 j - 3 scrolls of identify {unknown}
 n - a scroll of vulnerability {unknown}
 o - a scroll of butterflies {unknown}
 p - 2 scrolls of enchant armour {unknown}
 q - a scroll of brand weapon {unknown}
Potions
 b - a potion of magic
 f - 5 potions of curing {unknown}
 k - a potion of cancellation {unknown}
 l - a potion of degeneration {unknown}
 m - 3 potions of haste {unknown}


   Skills:
 + Level 4.0 Fighting
 - Level 2.6 Dodging
 - Level 2.1 Stealth
 + Level 3.9 Spellcasting
 + Level 6.1 Ice Magic


You had 5 spell levels left.
You knew the following spells:

 Your Spells              Type           Power      Damage    Failure   Level
a - Freeze                Ice            96%        1d10      1%          1
b - Frozen Ramparts       Ice            48%        1d8       3%          3
c - Ozocubu's Armour      Ice            24%        N/A       3%          3

Your spell library contained the following spells:

 Spells                   Type           Power      Damage    Failure   Level
 Summon Ice Beast         Ice/Summ       13%        N/A       41%         4
 Gell's Gravitas          Tloc           3%         N/A       43%         3
 Teleport Other           Tloc           3%         N/A       43%         3
 Dispersal                Tloc           1%         N/A       100%        6


Dungeon Overview and Level Annotations

Branches:
Dungeon (4/15)
 Temple: D:4-7

Altars:
Xom


Innate Abilities, Weirdness & Mutations

((You are very nimble when in or above water. (Stealth+, EV+, Speed+++)))
Your lower body shifts to a powerful aquatic tail in water.


Message History

Unknown command.
You hit the gnoll bouda.
The gnoll bouda is severely wounded.
The wall freezes the orc priest.
The wall freezes the gnoll bouda.
The gnoll bouda gazes fiercely through you!
You feel as though you will be weak longer.
The gnoll bouda hits you with a +0 whip!
* * * LOW HITPOINT WARNING * * *
You hit the gnoll bouda but do no damage.
You drain the gnoll bouda.
The gnoll bouda is almost dead.
The wall freezes the orc priest but does no damage.
The wall freezes the gnoll bouda!
You kill the gnoll bouda!
Your Fighting skill increases to level 4!
Unknown command.
Unknown command.
The wall freezes the orc priest but does no damage.
Casting: Frozen Ramparts (dangerous; 3% risk of failure)
Confirm with . or Enter, or press ? or * to list all spells.
Aiming: Freeze (safe; 1% risk of failure)
Press: ? - help, Shift-Dir - straight line, f - orc priest
Aim: an orc priest, wielding a +0 club and wearing a +0 ring mail (moderately wounded)
You freeze the orc priest.
The orc priest is moderately wounded.
The wall freezes the orc priest.
The orc priest invokes the aid of Beogh against you.
Beogh smites you!
* * * LOW HITPOINT WARNING * * *
Casting: Freeze (safe; 1% risk of failure)
Confirm with . or Enter, or press ? or * to list all spells.
Aiming: Freeze (safe; 1% risk of failure)
Press: ? - help, Shift-Dir - straight line, f/p - orc priest
Aim: an orc priest, wielding a +0 club and wearing a +0 ring mail (severely wounded)
You freeze the orc priest.
The orc priest is almost dead.
The frozen ramparts melt away.
The orc priest calls down the wrath of Beogh upon you.
Beogh smites you!
You die...

...#..#...........##'###)###.....
...#..##'#####.........).).....##
...#......+..#.................#
...#......#..#<................#
...#......#.)#.................#
...#......#.)).................#
...#....###.##.................#+
####....###.#....#############...
............#...@o)..........#...
............#....#...........#g.(
............#....#...........#...
............#....#...##..##..#g..
.############....######..##..#g..
## .............#.oo.g.'...
............)#......#...
.............#..g...#...
....####...<)#......#...


You could see an orc priest.

Vanquished Creatures
  A phantom (D:4)
  An orc priest (D:4)
  A gnoll bouda (D:4)
  Terence (D:2)
  2 orc wizards (D:4)
  5 gnolls (D:4)
  4 adders
  An ufetubus (D:4)
  2 dart slugs
  16 orcs
  10 bats
  5 endoplasms
  2 giant cockroaches
  3 goblins
  6 hobgoblins
  3 quokkas
  5 ball pythons
  3 frilled lizards
  A kobold (D:1)
  7 rats
79 creatures vanquished.

Notes
Turn   | Place    | Note
-------+----------+-------------------------------------------
     0 | D:1      | safid the Merfolk Ice Elementalist began the quest for the
                  | Orb.
     0 | D:1      | Reached XP level 1. HP: 13/13 MP: 3/3
   150 | D:1      | Reached XP level 2. HP: 19/20 MP: 5/5
   311 | D:1      | Reached skill level 1 in Fighting
  1384 | D:2      | Reached XP level 3. HP: 26/26 MP: 4/6
  1406 | D:2      | Learned a level 3 spell: Frozen Ramparts
  1600 | D:2      | Found a faded altar of an unknown god.
  1900 | D:2      | Reached skill level 5 in Ice Magic
  1937 | D:2      | Noticed Terence
  1942 | D:2      | Reached XP level 4. HP: 28/33 MP: 4/8
  1949 | D:2      | Killed Terence
  2168 | D:3      | Learned a level 3 spell: Ozocubu's Armour
  2250 | D:3      | Found a shimmering altar of Xom.
  2799 | D:3      | Reached XP level 5. HP: 39/39 MP: 7/9
  3428 | D:4      | Noticed a phantom
  3468 | D:4      | Killed a phantom
  3469 | D:4      | Reached XP level 6. HP: 19/47 MP: 7/11
  3622 | D:4      | Reached skill level 6 in Ice Magic
  3718 | D:4      | Killed from afar by an orc priest

Illustrated notes

Levels and vault maps discovered:
D:1:      spicycebolla_arrival_xxxplode, layout_basic, bh_walls_and_bars
D:2:      layout_basic, hellmonk_ecumenical_altar_blasted, uniq_terence
D:3:      layout_rooms, tgw_xom
D:4:      layout_gridville

Skill      XL: |  1  2  3  4  5  6 |
---------------+-------------------+-----
Fighting       | 1 2 3 4 |  4.0
Ice Magic      | 5 6 |  6.1
Spellcasting   | 3 |  3.9
Dodging        | |  2.6
Stealth        | |  2.1

Action                     |  1- 3 |  4- 6 || total
---------------------------+-------+-------++-------
  Melee: Unarmed           |    11 |       ||    11
         Short sword       |    87 |    38 ||   125
         Punch             |     1 |     3 ||     4
         Tailslap          |       |     1 ||     1
         Dagger            |       |    42 ||    42
   Cast: Freeze            |    33 |    30 ||    63
         Frozen Ramparts   |       |     7 ||     7
         Ozocubu's Armour  |       |     4 ||     4
    Use: Potion            |       |     1 ||     1
   Stab: Sleeping          |     5 |     3 ||     8
 Armour: Robe              |    29 |    35 ||    64
  Dodge: Dodged            |    78 |    71 ||   149
